cohdb
Replays
Latest Replays
All Replays
Popular Replays
Top Player Replays
Match Explorer
How It Works
Community
CoH3 Stats
Reddit
Sign in to upload your games and track your stats! →
Sign in with Steam
Match 38463349
Unlisted
Match 38463349
Overview
Messages
Build Orders
End
Selects Australian Defense Battlegroup
Selects Australian Light Infantry Section
Australian Light Infantry Section
Royal Engineer Section
Australian Light Infantry Section
Construct Section Command Post
Construct Platoon Command Post
Humber Armored Car
Infantry Section
Infantry Training
ML 3-inch Mortar Team
SneaKerz
gb_gbg
SenkZ
Turbokret
0
0
Comments
sign in to comment!
No comments posted yet!